 Dungeon Crawl Stone Soup version 0.22-a0-161-g198051cff3 (console) character file.

2509 Muffindrake the Gouger (level 9, -9/67 HPs)
             Began as a Felid Berserker on Feb 11, 2018.
             Was an Elder of Trog.
             Mangled by a warg (16 damage)
             ... on level 1 of the Orcish Mines.
             The game lasted 00:40:54 (9977 turns).

Muffindrake the Gouger (Felid Berserker)            Turns: 9977, Time: 00:40:55

Health: -9/67      AC:  2    Str: 21    XL:     9   Next: 28%
Magic:  10/10      EV: 26    Int: 10    God:    Trog [****..]
Gold:   410        SH:  0    Dex: 15    Spells: 8/8 levels left
                                        Lives:  0   Deaths: 3

rFire    + . .     SeeInvis +     - Unarmed
rCold    . . .     Gourm    .   (shield unavailable)
rNeg     + . .     Faith    .   (armour unavailable)
rPois    .         Spirit   .   (helmet unavailable)
rElec    .         Reflect  .   (cloak unavailable)
rCorr    .         Harm     .   (gloves unavailable)
MR       +++..                  (boots unavailable)
Stlth    ..........             u - amulet "Baorud" {RegenMP *Corrode +Fly rC+ Slay+2}
HPRegen  1.21/turn              b - ring of fire
MPRegen  0.37/turn              x - ring of positive energy

@: berserking, regenerating, very quick
A: very small, no armour, no weapons or thrown items, stealth, claws 1, fangs 3,
see invisible, carnivore, speed 1, shaggy fur 2, slow metabolism 1, sharp paws
a: Berserk, Trog's Hand, Brothers in Arms, Burn Spellbooks, Renounce Religion,
Evoke Flight


You were on level 1 of the Orcish Mines.
You worshipped Trog.
Trog was greatly pleased with you.
You were full.

You visited 2 branches of the dungeon, and saw 11 of its levels.

You collected 410 gold pieces.

Inventory:

Hand Weapons
 k - the +10 morningstar "Eos" {elec, Halo rElec}
   (You found it on level 5 of the Dungeon)

   Occasionally, upon striking a foe, it will discharge some electrical energy
   and cause terrible harm.
   It insulates you from electricity.
 s - the +10 great sword of the Hummingbird {slice, *Noise rPois rC++ MR++}
   (You found it on level 7 of the Dungeon)

   It inflicts extra damage upon your enemies.
   It greatly protects you from cold.
   It protects you from poison.
   It affects your resistance to hostile enchantments.
   It may make noises in combat.
Armour
 m - +0 ice dragon scales
 t - the cursed +0 pair of boots of Qeggetad {rN+ Slay+2, unknown}
   (You found it on level 7 of the Dungeon)

   It affects your accuracy and damage with ranged weapons and melee attacks
   (+2).
   It protects you from negative energy.
   It has a curse placed upon it.
Jewellery
 b - a ring of fire (left paw)
 u - the amulet "Baorud" (around neck) {RegenMP *Corrode +Fly rC+ Slay+2}
   (You found it on level 7 of the Dungeon)

   [amulet of magic regeneration]

   It increases your magic regeneration.
   It affects your accuracy and damage with ranged weapons and melee attacks
   (+2).
   It protects you from cold.
   It lets you fly.
   It may corrode you when you take damage.
 x - a ring of positive energy (right paw)
Wands
 f - a wand of paralysis (15)
 l - a wand of iceblast (11)
 o - a wand of clouds (2)
 r - a wand of random effects (13)
Scrolls
 c - 2 scrolls of teleportation
 d - a scroll of fear
 g - a scroll of blinking
 j - 2 scrolls of identify
 n - 6 scrolls of remove curse
Potions
 e - 4 potions of brilliance
 h - 5 potions of berserk rage
 i - a potion of curing
 p - a potion of invisibility
 q - a potion of magic
 w - a potion of agility
Comestibles
 a - 14 rations


   Skills:
 + Level 8.6 Fighting
 + Level 11.1 Dodging
 * Level 11.6 Unarmed Combat


You had 8 spell levels left.
You didn't know any spells.

Dungeon Overview and Level Annotations

Branches:
Dungeon (10/15)            Temple (0/1) D:5             Orc (1/2) D:10
   Lair: D:8-11

Altars:
Dithmenos
Gozag
Kikubaaqudgha
Okawaru
Ru
Sif Muna
Trog
Vehumet
Wu Jian
Xom
Yredelemnul


Innate Abilities, Weirdness & Mutations

You cannot wear armour.
You are incapable of wielding weapons or throwing items.
Your paws allow you to move quietly. (Stealth)
You have sharp claws.
You have razor-sharp teeth.
You have supernaturally acute eyesight. (SInv)
You are carnivorous and can eat meat at any time.
You cover ground quickly.
You are covered in thick fur. (AC +2)
You have a slow metabolism.
Your sharp claws are effective at attacking unaware monsters.


Message History

You feel resistant to hostile enchantments.
You feel quite a bit less full. The warg completely misses you.
The orc priest barely misses you.
The orc priest calls down the wrath of Beogh upon you.
Beogh smites you!
You hear a shout!
A red film seems to cover your vision as you go berserk!
You feel yourself moving faster!
You feel mighty! The warg bites you!
The orc priest invokes the aid of Beogh against you.
Beogh smites you!
* * * LOW HITPOINT WARNING * * *
An orc comes into view. It is wielding a trident.
The orc shouts! x2
You mangle the warg!!
The warg is almost dead.
The warg completely misses you. The orc warrior misses you.
The orc priest invokes the aid of Beogh against you.
Beogh smites you!
* * * LOW HITPOINT WARNING * * *
You closely miss the orc warrior. The warg bites you!
You die...

###.............
##.o...........#.
#.....o...........
#..$....<>......$
#..........$.....
#................
##...........#...
##.#....o....#..
##....o........
#...##h.......
#...##@.......
##.####o...... ###
.o..... o#.#.##
..#.... .# .... #.
... # #.


You could see a warg, an orc warrior, 2 orc priests, an orc wizard and an orc.

Vanquished Creatures
  A two-headed ogre (D:9)
  Joseph (D:7)
  A queen bee (D:9)
  Sigmund (D:2)
  A wyvern (D:9)
  Duvessa (D:7)
  A water moccasin (D:9)
  A phantom (D:6)
  6 orc warriors
  4 ice beasts
  2 sky beasts
  A black bear (D:9)
  A necrophage (D:7)
  An ogre (D:8)
  A crocodile (D:9)
  A big kobold (D:8)
  Blork the orc (D:4)
  2 bullfrogs
  A gnoll sergeant (D:9)
  Dowan (D:7)
  3 scorpions
  19 killer bees
  6 wights
  4 howler monkeys
  4 crimson imps
  5 orc priests
  A centaur zombie (D:7)
  A hound (D:5)
  2 jellies
  2 centaur skeletons
  Terence (D:2)
  4 iguanas
  6 orc wizards
  8 worker ants
  A hound zombie (D:7)
  A hound skeleton (D:4)
  6 gnolls
  7 adders
  3 shadow imps
  3 oozes
  2 adder zombies
  2 worms
  A dart slug (D:1)
  3 leopard geckos
  21 orcs
  9 bats
  6 giant cockroaches
  3 goblins (D:1)
  6 hobgoblins
  2 quokkas (D:8)
  3 ball pythons
  A frilled lizard (D:2)
  9 kobolds
  A leopard gecko zombie (D:5)
  A quokka skeleton (D:5)
  2 rats
189 creatures vanquished.

Notes
Turn   | Place    | Note
-------+----------+-------------------------------------------
     0 | D:1      | Muffindrake the Felid Berserker began the quest for the Orb.
     0 | D:1      | Reached XP level 1. HP: 10/10 MP: 2/2
   146 | D:1      | Reached XP level 2. HP: 6/14 MP: 3/3
   845 | D:2      | Reached ** piety under Trog
  1104 | D:2      | Reached XP level 3. HP: 17/17 MP: 4/4
  1219 | D:2      | Noticed Sigmund
  1317 | D:2      | Killed Sigmund
  1317 | D:2      | Reached skill level 5 in Dodging
  1317 | D:2      | Reached XP level 4. HP: 14/22 MP: 5/5
  1317 | D:2      | Reached XP level 5. HP: 15/25 MP: 6/6
  1510 | D:2      | Noticed Terence
  1520 | D:2      | Killed Terence
  1520 | D:2      | Reached skill level 5 in Unarmed Combat
  2200 | D:3      | Gained mutation: You are covered in thick fur. (AC +2) [Felid growth]
  2200 | D:3      | Reached XP level 6. HP: 22/28 MP: 7/7
  2475 | D:3      | Slain by a gnoll
  2476 | D:3      | Reached XP level 5. HP: -2/37 MP: 6/6
  2694 | D:3      | Found a shadowy altar of Dithmenos.
  2695 | D:3      | Found a bloodstained altar of Trog.
  2804 | D:3      | Found a faded altar of an unknown god.
  2924 | D:4      | Noticed Blork the orc
  2939 | D:4      | Killed Blork the orc
  2939 | D:4      | Reached XP level 6. HP: 20/29 MP: 7/7
  3577 | D:4      | Found an ancient bone altar of Kikubaaqudgha.
  3577 | D:4      | Found a deep blue altar of Sif Muna.
  3579 | D:4      | Found a radiant altar of Vehumet.
  3617 | D:5      | Entered Level 5 of the Dungeon
  3631 | D:5      | Found the +10 morningstar "Eos" {elec, Halo rElec}
  3816 | D:5      | Reached *** piety under Trog
  3818 | D:5      | Found a staircase to the Ecumenical Temple.
  4068 | D:5      | Reached XP level 7. HP: 22/33 MP: 8/8
  4074 | D:5      | Reached skill level 5 in Fighting
  4905 | D:6      | Reached XP level 8. HP: 38/38 MP: 9/9
  5482 | D:7      | Got an iridescent great sword
  5533 | D:7      | Got a pair of transparent boots
  5799 | D:7      | Got a smoking jade amulet
  6218 | D:7      | Identified the amulet "Baorud" {RegenMP *Corrode +Fly rC+ Slay+2} (You found it on level 7 of the Dungeon)
  6266 | D:7      | Noticed Duvessa
  6266 | D:7      | Noticed Dowan
  6280 | D:7      | Killed Duvessa
  6280 | D:7      | Reached XP level 9. HP: 42/42 MP: 10/10
  6300 | D:7      | Killed Dowan
  6351 | D:7      | Found a basalt altar of Yredelemnul.
  6471 | D:7      | Noticed Joseph
  6487 | D:7      | Killed Joseph
  6840 | D:8      | Found a burning altar of Makhleb.
  6842 | D:8      | Found an iron altar of Okawaru.
  6842 | D:8      | Found an ornate altar of the Wu Jian Council.
  6844 | D:8      | Found a sacrificial altar of Ru.
  6844 | D:8      | Found an opulent altar of Gozag.
  6844 | D:8      | Found a shimmering altar of Xom.
  7640 | D:8      | Reached skill level 10 in Unarmed Combat
  8049 | D:9      | Slain by a crocodile
  8050 | D:9      | Reached XP level 8. HP: -1/60 MP: 9/9
  8099 | D:9      | Reached skill level 10 in Dodging
  8110 | D:9      | Reached **** piety under Trog
  8110 | D:9      | Reached XP level 9. HP: 43/43 MP: 10/10
  8445 | D:9      | Identified the +10 great sword of the Hummingbird {slice, *Noise rPois rC++ MR++} (You found it on level 7 of the Dungeon)
  8764 | D:9      | Noticed a queen bee
  8832 | D:9      | Killed a queen bee
  9278 | D:9      | Noticed a two-headed ogre
  9288 | D:9      | Killed a two-headed ogre
  9446 | D:10     | Entered Level 10 of the Dungeon
  9466 | D:10     | Found a bloodstained altar of Trog.
  9515 | D:10     | Reached XP level 10. HP: 49/49 MP: 11/11
  9531 | D:10     | Killed from afar by an orc priest
  9532 | D:10     | Reached XP level 9. HP: -6/45 MP: 10/10
  9941 | D:10     | Found a staircase to the Orcish Mines.
  9961 | Orc:1    | Entered Level 1 of the Orcish Mines
  9977 | Orc:1    | Mangled by a warg

Vault maps used:
D:1:      minmay_arrival_loop
D:2:      uniq_terence, uniq_sigmund
D:3:      gammafunk_temple_overflow_statue, chequers_ecumenical_altar_island
D:4:      grunt_temple_overflow_magic_moments, first_ration, uniq_blork_the_orc
D:5:      temple_statues
D:7:      nicolae_overflow_hidden_temple, uniq_joseph, uniq_duvessa
D:8:      doesnt_xom_only_xom
D:9:      serial_park_tiny_2, david_nohive_1
D:10:     lemuel_castle_with_subvaults, david_orc_4, minivault_25, bloody_trog

Skill      XL: |  1  2  3  4  5  6  7  8  9 |
---------------+----------------------------+-----
Fighting       | 4 5 6 8 |  8.6
Dodging        | 5 6 7 10 11 | 11.1
Unarmed Combat | 4 5 6 7 9 11 | 11.6

Action                   |  1- 3 |  4- 6 |  7- 9 | 10-12 || total
-------------------------+-------+-------+-------+-------++-------
Melee: Unarmed           |    68 |   147 |   374 |     7 ||   596
       Bite              |    10 |    14 |    28 |     1 ||    53
       Punch             |     2 |     5 |    16 |       ||    23
Invok: Berserk           |     1 |     6 |    19 |       ||    26
       Trog's Hand       |       |     2 |    15 |     1 ||    18
       Burn Spellbooks   |       |     2 |       |       ||     2
Evoke: Wand              |       |       |     1 |       ||     1
  Use: Scroll            |     7 |     7 |     6 |     1 ||    21
       Potion            |       |     1 |     2 |       ||     3
 Stab: Sleeping          |     5 |     3 |     4 |       ||    12
       Distracted        |     1 |       |     2 |       ||     3
       Confused          |       |       |     1 |       ||     1
  Eat: Chunk             |     8 |    15 |    41 |       ||    64
Armor: Skin              |     5 |     5 |    10 |       ||    20
Dodge: Dodged            |    47 |   114 |   274 |    13 ||   448

Table legend:
 A = Spawn XP
 B = Non-spawn XP
 C = Spawn XP percentage of total XP
 D = Spawn monster count
 E = Non-spawn monster count
 F = Spawn count percentage of total count
 G = Total turns spent on level
                    A         B        C        D         E        F      G
               +---------+---------+-------+---------+---------+-------+---------
         Total |       0 |    8862 |   0.0 |       0 |     189 |   0.0 |  9977
               +---------+---------+-------+---------+---------+-------+---------
           D:1 |       0 |      33 |   0.0 |       0 |      17 |   0.0 |   772
           D:2 |       0 |     293 |   0.0 |       0 |      16 |   0.0 |  1226
           D:3 |       0 |     144 |   0.0 |       0 |      17 |   0.0 |   915
           D:4 |       0 |     185 |   0.0 |       0 |       5 |   0.0 |   704
           D:5 |       0 |     425 |   0.0 |       0 |      19 |   0.0 |   709
           D:6 |       0 |     736 |   0.0 |       0 |      11 |   0.0 |  1028
           D:7 |       0 |    1906 |   0.0 |       0 |      34 |   0.0 |  1369
           D:8 |       0 |     888 |   0.0 |       0 |      19 |   0.0 |  1297
           D:9 |       0 |    3349 |   0.0 |       0 |      35 |   0.0 |  1426
          D:10 |       0 |     903 |   0.0 |       0 |      16 |   0.0 |   515
               +---------+---------+-------+---------+---------+-------+---------
